 Dungeon Crawl Stone Soup version 0.30.0-10-gfe55d96785 (webtiles) character file.

Game seed: 4092580348351702269

1401 croobank the Digger (level 8, -1/59 HPs)
             Began as a Gnoll Earth Elementalist on May 13, 2023.
             Was an Initiate of Hepliaklqana.
             Slain by a gnoll
             ... wielding a +0 halberd
              (13 damage)
             ... on level 6 of the Dungeon.
             The game lasted 00:15:00 (5298 turns).

croobank the Digger (Gnoll Earth Elementalist)      Turns: 5298, Time: 00:15:00

Health: -1/59      AC:  4    Str:  4 (7)  XL:     8   Next: 69%
Magic:  12/17      EV: 13    Int: 20 (23) God:    Hepliaklqana [......]
Gold:   353        SH:  5    Dex: 11 (13) Spells: 11/19 levels left

rFire   + . .        b - +2 triple crossbow
rCold   . . .        (shield currently unavailable)
rNeg    . . .        e - +0 robe
rPois   +            (no helmet)
rElec   .            E - +0 cloak {rPois}
rCorr   .            (no gloves)
SInv    .            d - +0 pair of boots
Will    .....        B - amulet of reflection
Stlth   +++          w - +6 ring of intelligence
HPRegen 0.29/turn    a - ring of protection from fire
MPRegen 0.15/turn

%: reflection
@: attractive, flying
A: fangs 1, strong nose, distributed training
a: Renounce Religion


You were on level 6 of the Dungeon.
You worshipped Hepliaklqana.
Hepliaklqana was noncommittal.
You visited 2 branches of the dungeon, and saw 7 of its levels.

You collected 353 gold pieces.

Inventory:

Hand Weapons
 b - a +2 triple crossbow (weapon)
 g - a +0 flail
 p - a +0 war axe
 v - a +0 long sword
 z - a +2 mace of protection
 C - a +1 trident of freezing
 F - a +4 quarterstaff of chaos
 G - a +3 dagger
Missiles
 D - 2 poisoned darts
Armour
 d - a +0 pair of boots (worn)
 e - a +0 robe (worn)
 i - a +0 leather armour
 E - a +0 cloak of poison resistance (worn)
Jewellery
 a - a ring of protection from fire (right hand)
 w - a +6 ring of intelligence (left hand)
 B - an amulet of reflection (around neck)
Wands
 H - a wand of light (10)
Scrolls
 r - a scroll of magic mapping
Potions
 c - 3 potions of magic
 h - a potion of invisibility
 m - a potion of brilliance


   Skills:
 + Level 3.6 Fighting
 + Level 3.6 Short Blades
 + Level 3.6 Long Blades
 + Level 3.6 Axes
 + Level 3.6 Maces & Flails
 + Level 3.6 Polearms
 + Level 3.6 Staves
 + Level 3.6 Ranged Weapons
 + Level 3.6 Throwing
 + Level 3.6 Armour
 + Level 5.9 Dodging
 + Level 5.6 Stealth
 + Level 3.6 Shields
 + Level 3.6 Unarmed Combat
 + Level 6.2 Spellcasting
 + Level 3.0 Conjurations
 + Level 3.0 Hexes
 + Level 3.0 Summonings
 + Level 3.0 Necromancy
 + Level 3.0 Translocations
 + Level 3.7 Transmutations
 + Level 3.0 Fire Magic
 + Level 3.0 Ice Magic
 + Level 3.0 Air Magic
 + Level 6.3 Earth Magic
 + Level 3.0 Poison Magic
 + Level 4.0 Invocations
 + Level 3.6 Evocations


You had 11 spell levels left.
You knew the following spells:

 Your Spells              Type           Power      Damage    Failure   Level
a - Sandblast             Erth           62%        2d14      1%          1
b - Stone Arrow           Conj/Erth      48%        3d10      4%          3
c - Petrify               Tmut/Erth      26%        N/A       13%         4

Your spell library contained the following spells:

 Spells                   Type           Power      Damage    Failure   Level
 Passwall                 Tmut/Erth      21%        N/A       1%          2


Dungeon Overview and Level Annotations

Branches:
Dungeon (6/15)             Temple (1/1) D:6

Altars:
Ashenzari
Cheibriados
Dithmenos
Gozag
Hepliaklqana
Kikubaaqudgha
Nemelex Xobeh
Okawaru
Qazlal
Sif Muna
Trog
Uskayaw
Vehumet
Wu Jian
Xom
Zin
The Shining One

Annotations:
D:3 2 runed translucent doors, sirJeffrey23's ghost, amateur DsFi


Innate Abilities, Weirdness & Mutations

You have very sharp teeth.
Your uncanny sense of smell can sniff out nearby items.
Your experience applies equally to all skills.


Message History

The gnoll hits you from afar with a +0 halberd!
* * * LOW HITPOINT WARNING * * *
Casting: Stone Arrow (dangerous; 3% risk of failure)
Confirm with . or Enter, or press ? or * to list all spells.
Aiming: Stone Arrow (dangerous; 3% risk of failure)
Press: ? - help, Shift-Dir - straight line, f - gnoll
Aim: a gnoll, wielding a +0 halberd (75% to hit)
The stone arrow hits the gnoll!
The gnoll is heavily wounded.
The gnoll closely misses you.
Fire: b) +2 triple crossbow
Press: ? - help, Q - select action, (/) - cycle Shift-Dir - straight line, f/p - gnoll
Aim: a gnoll, wielding a +0 halberd (heavily wounded, 60% to hit)
You shoot a bolt. The bolt barely misses the gnoll.
The gnoll hits you from afar with a +0 halberd!
* * * LOW HITPOINT WARNING * * *
A gnoll comes into view. It is wielding a +0 club.
The gnoll barely misses you.
It was a potion of attraction.
You feel attractive to monsters. The gnoll misses you.
The gnoll is attracted toward you. x2
It was a potion of curing.
You feel better. You block the gnoll's attack.
The gnoll is attracted toward you.
It was a potion of flight.
You feel very buoyant.
You fly up into the air.
The gnoll barely misses you.
It was a potion of degeneration.
There was something very wrong with that liquid.
You feel weakened.
You feel dopey.
You feel clumsy.
A gnoll comes into view. It is wielding a +0 whip.
The gnoll closely misses you. The gnoll is attracted toward you. x2
Blink to where?
Press: ? - help, Dir - move target, p - gnoll
As you read the scroll of blinking, it crumbles to dust.
The gnoll is attracted toward you.
You can't go up here!
The gnoll is attracted toward you.
There is a stone staircase leading up here.
The gnoll hits you with a +0 halberd!
You die...

*,,,,,,,,,,* *,,,,,,,*,*
**********.# *******,*,* #.#
*,*,* #.# *,*<* #.# *,*,* #.#
*,*,* #.#########**,*,*
##############.#........,,,*,****
...............#@#**********,,,,*
#############†.#g# ****,*
***######..#.# *,*
#####,,........#§# *,*
.....^*######..#.# *,*
#####.***####....########******,*
*,,......§...........,,,,,,,*
****######.g§.########********
*,,,,§..g.).§.#


You could see a gnoll.

Vanquished Creatures
  Menkaure (D:4)
  An ice beast (D:6)
  2 ogres
  2 phantoms
  A bullfrog (D:6)
  A gnoll sergeant (D:5)
  2 scorpions
  A vampire bat (D:3)
  2 hounds (D:5)
  3 orc priests
  Crazy Yiuf (D:5)
  Terence (D:3)
  2 iguanas
  3 orc wizards
  A sleepcap (D:5)
  7 gnolls
  6 adders
  A shadow imp (D:5)
  A white imp (D:6)
  2 dart slugs
  12 orcs
  7 ball pythons
  10 bats
  8 endoplasms
  5 giant cockroaches
  12 goblins
  6 hobgoblins
  5 jackals
  A quokka (D:4)
  5 frilled lizards
  5 kobolds
  7 rats (D:1)
124 creatures vanquished.

Notes
Turn   | Place    | Note
-------+----------+-------------------------------------------
     0 | D:1      | croobank the Gnoll Earth Elementalist began the quest for
                  | the Orb.
     0 | D:1      | Reached XP level 1. HP: 13/13 MP: 6/6
   192 | D:1      | Reached XP level 2. HP: 19/19 MP: 7/7
   441 | D:1      | Reached skill level 5 in Spellcasting
   441 | D:1      | Reached XP level 3. HP: 25/25 MP: 7/9
   445 | D:1      | Learned a level 3 spell: Stone Arrow
   657 | D:1      | Reached skill level 1 in Invocations
   995 | D:2      | Reached skill level 1 in Fighting
   995 | D:2      | Reached skill level 1 in Short Blades
   995 | D:2      | Reached skill level 1 in Long Blades
   995 | D:2      | Reached skill level 1 in Axes
   995 | D:2      | Reached skill level 1 in Maces & Flails
   995 | D:2      | Reached skill level 1 in Polearms
   995 | D:2      | Reached skill level 1 in Staves
   995 | D:2      | Reached skill level 1 in Ranged Weapons
   995 | D:2      | Reached skill level 1 in Throwing
   995 | D:2      | Reached skill level 1 in Armour
   995 | D:2      | Reached skill level 1 in Shields
   995 | D:2      | Reached skill level 1 in Unarmed Combat
   995 | D:2      | Reached skill level 1 in Evocations
  1086 | D:2      | Reached XP level 4. HP: 32/32 MP: 11/11
  1185 | D:2      | Found a stormy altar of Qazlal.
  1614 | D:3      | Reached skill level 1 in Conjurations
  1614 | D:3      | Reached skill level 1 in Hexes
  1614 | D:3      | Reached skill level 1 in Summonings
  1614 | D:3      | Reached skill level 1 in Necromancy
  1614 | D:3      | Reached skill level 1 in Translocations
  1614 | D:3      | Reached skill level 1 in Fire Magic
  1614 | D:3      | Reached skill level 1 in Ice Magic
  1614 | D:3      | Reached skill level 1 in Air Magic
  1614 | D:3      | Reached skill level 1 in Poison Magic
  1673 | D:3      | Learned a level 4 spell: Petrify
  1682 | D:3      | Noticed Terence
  1686 | D:3      | Killed Terence
  1877 | D:3      | Reached XP level 5. HP: 36/37 MP: 12/12
  2026 | D:3      | Found a large runed translucent door.
  2026 | D:3      | Found a large runed translucent door.
  2028 | D:3      | Noticed sirJeffrey23's ghost (amateur DsFi)
  2390 | D:4      | Reached XP level 6. HP: 28/44 MP: 6/13
  2830 | D:4      | Reached skill level 5 in Dodging
  3238 | D:4      | Noticed Menkaure
  3243 | D:4      | Killed Menkaure
  3244 | D:4      | Reached XP level 7. HP: 51/51 MP: 15/15
  3439 | D:5      | Entered Level 5 of the Dungeon
  3536 | D:5      | Reached skill level 5 in Stealth
  3971 | D:5      | Reached XP level 8. HP: 46/58 MP: 12/16
  4025 | D:5      | Found a runed translucent door.
  4026 | D:5      | Noticed Crazy Yiuf
  4033 | D:5      | Killed Crazy Yiuf
  5143 | D:6      | Found a staircase to the Ecumenical Temple.
  5192 | Temple   | Entered the Ecumenical Temple
  5197 | Temple   | Became a worshipper of Hepliaklqana the Forgotten
  5298 | D:6      | Slain by a gnoll

Illustrated notes

Levels and vault maps discovered:
D:1:      dpeg_arrival_fog, layout_basic
D:2:      layout_basic, basic_altar
D:3:      layout_basic, ebering_ghost_disaster_area, hangedman_decor_slide_cut,
          amcnicky_mini_rare_corridor_liquid, roderic_batcave,
          mrwooster_statue_mirror, minmay_misc_feat_cross, chequers_garden,
          uniq_terence
D:4:      layout_basic, hex_tiny, uniq_menkaure
D:5:      layout_loops_ring, uniq_crazy_yiuf_cottage
D:6:      layout_loops_ring, minmay_temple_entry_junction, grunt_decor_cap,
          uniq_sigmund
Temple:   sentei_temple_godly_chess

Skill      XL: |  1  2  3  4  5  6  7  8 |
---------------+-------------------------+-----
Transmutations | 2 3 |  3.7
Spellcasting   | 5 6 |  6.2
Invocations    | 1 2 3 4 |  4.0
Fighting       | 1 2 3 |  3.6
Short Blades   | 1 2 3 |  3.6
Long Blades    | 1 2 3 |  3.6
Axes           | 1 2 3 |  3.6
Maces & Flails | 1 2 3 |  3.6
Polearms       | 1 2 3 |  3.6
Staves         | 1 2 3 |  3.6
Ranged Weapons | 1 2 3 |  3.6
Throwing       | 1 2 3 |  3.6
Armour         | 1 2 3 |  3.6
Shields        | 1 2 3 |  3.6
Unarmed Combat | 1 2 3 |  3.6
Evocations     | 1 2 3 |  3.6
Conjurations   | 1 2 3 |  3.0
Hexes          | 1 2 3 |  3.0
Summonings     | 1 2 3 |  3.0
Necromancy     | 1 2 3 |  3.0
Translocations | 1 2 3 |  3.0
Fire Magic     | 1 2 3 |  3.0
Ice Magic      | 1 2 3 |  3.0
Air Magic      | 1 2 3 |  3.0
Poison Magic   | 1 2 3 |  3.0
Dodging        | 5 |  5.9
Stealth        | 5 |  5.6
Earth Magic    | 6 |  6.3

Action                     |  1- 3 |  4- 6 |  7- 9 || total
---------------------------+-------+-------+-------++-------
  Melee: Short sword       |       |     9 |       ||     9
         Bite              |       |     1 |       ||     1
   Fire: Triple crossbow   |    43 |    82 |    71 ||   196
   Cast: Sandblast         |    20 |    15 |       ||    35
         Stone Arrow       |       |    12 |    28 ||    40
  Evoke: Wand              |       |       |     1 ||     1
    Use: Scroll            |       |       |    13 ||    13
         Potion            |       |       |     4 ||     4
 Armour: Robe              |     5 |    37 |     6 ||    48
  Dodge: Dodged            |    14 |   101 |    43 ||   158
  Block: Other             |       |       |    11 ||    11
